 Dungeon Crawl Stone Soup version 0.22-a0-240-g539252a (webtiles) character file.

504 tidbits the Insei (level 7, 0/52 HPs)
             Began as a Gnoll Transmuter on Feb 21, 2018.
             Was an Initiate of Cheibriados.
             Slain by Menkaure (14 damage)
             ... on level 5 of the Dungeon.
             The game lasted 00:10:08 (994 turns).

tidbits the Insei (Gnoll Transmuter)                 Turns: 994, Time: 00:10:09

Health: 0/52       AC:  2    Str: 12 (14) XL:     7   Next: 17%
Magic:  11/15      EV: 24    Int: 16 (18) God:    Cheibriados [......]
Gold:   120        SH:  0    Dex: 19 (21) Spells: 11/17 levels left

rFire    . . .     SeeInvis .     - Unarmed
rCold    . . .     Gourm    .   (shield currently unavailable)
rNeg     . . .     Faith    .   (armour currently unavailable)
rPois    x         Spirit   .   (helmet currently unavailable)
rElec    .         Reflect  .   (cloak currently unavailable)
rCorr    .         Harm     .   (gloves currently unavailable)
MR       .....                  (boots currently unavailable)
Stlth    ++........             (no amulet)
HPRegen  0.17/turn              (no ring)
MPRegen  0.14/turn              (no ring)

@: spider-form, very slightly contaminated, very slow
A: tiny, distributed training, strong nose
a: End Transformation, Bend Time, Renounce Religion


You were on level 5 of the Dungeon.
You worshipped Cheibriados.
Cheibriados was noncommittal.
You were not hungry.
You were a venomous arachnid creature.
You visited 2 branches of the dungeon, and saw 6 of its levels.
You also visited: Sewer.

You collected 120 gold pieces.

Inventory:

Hand Weapons
 b - a +1 hunting sling of freezing
   (You took it off a goblin on level 4 of the Dungeon)
 j - a +0 dagger
 m - the cursed +3 falchion of Foolhardiness (melded) {flame, *Slow rPois Int+4 Stlth+}
   (You found it on level 4 of the Dungeon)

   It has been specially enchanted to burn those struck by it, causing extra
   injury to most foes and up to half again as much damage against particularly
   susceptible opponents.
   Big, fiery blades are also staple armaments of hydra-hunters.
   It affects your intelligence (+4).
   It protects you from poison.
   It may slow you when you take damage.
   It makes you more stealthy.
   It has a curse placed upon it.
 n - a +1 short sword of distortion
   (You took it off a kobold on level 3 of the Dungeon)
 s - a +0 dagger of electrocution
   (You took it off a goblin on level 4 of the Dungeon)
 t - a +0 morningstar
Missiles
 a - an arrow
 i - 3 tomahawks (quivered)
 l - 5 javelins
 r - 25 stones
Armour
 g - a +2 scale mail of cold resistance
   (You found it on level 4 of the Dungeon)
 B - a +0 robe (melded)
 C - a +0 cloak (melded)
 D - a +0 buckler (melded)
 E - a +0 helmet (melded)
Magical Staves
 d - an uncursed staff of poison {unknown}
   (You found it on level 3 of the Dungeon)
Wands
 p - a wand of iceblast (4)
Scrolls
 e - 3 scrolls of teleportation
 k - 2 scrolls of enchant weapon
 o - a scroll of immolation
 u - a scroll of fear {unknown}
Potions
 f - 4 potions of curing
 h - a potion of flight
 q - a potion of might
 v - a potion of agility {unknown}
Comestibles
 c - 4 rations


   Skills:
 + Level 3.4 Fighting
 + Level 2.2 Short Blades
 + Level 2.2 Long Blades
 + Level 2.2 Axes
 + Level 2.2 Maces & Flails
 + Level 2.2 Polearms
 + Level 2.2 Staves
 + Level 2.2 Slings
 + Level 2.2 Bows
 + Level 2.2 Crossbows
 + Level 2.2 Throwing
 + Level 2.2 Armour
 + Level 5.1 Dodging
 + Level 2.2 Stealth
 + Level 2.2 Shields
 + Level 6.9 Unarmed Combat
 + Level 5.5 Spellcasting
 + Level 1.8 Conjurations
 + Level 1.8 Hexes
 + Level 1.8 Charms
 + Level 1.8 Summonings
 + Level 1.8 Necromancy
 + Level 1.8 Translocations
 + Level 4.2 Transmutations
 + Level 1.8 Fire Magic
 + Level 1.8 Ice Magic
 + Level 1.8 Air Magic
 + Level 1.8 Earth Magic
 + Level 1.8 Poison Magic
 + Level 2.5 Invocations
 + Level 2.2 Evocations


You had 11 spell levels left.
You knew the following spells:

 Your Spells              Type           Power        Failure   Level  Hunger
e - Beastly Appendage     Tmut           ###...       10%         1    None
k - Sticks to Snakes      Tmut           ###.....     12%         2    #......
p - Spider Form           Tmut/Pois      ##........   28%         3    ###....


Dungeon Overview and Level Annotations

Branches:
Dungeon (5/15)             Temple (1/1) D:4

Altars:
Ashenzari
Cheibriados
Dithmenos
Elyvilon
Fedhas
Gozag
Hepliaklqana
Kikubaaqudgha
Makhleb
Nemelex Xobeh
Okawaru
Qazlal
Ru
Trog
Uskayaw
Vehumet
Wu Jian
Xom
Yredelemnul
Zin
The Shining One

Annotations:
D:5 Menkaure


Innate Abilities, Weirdness & Mutations

Your experience applies equally to all skills.
((You have very sharp teeth.))
Your uncanny sense of smell can sniff out nearby items.


Message History

Your ball python bites the worker ant but does no damage.
Your ball python grabs the worker ant.
Your ball python constricts the worker ant.
You hit the worker ant.
The worker ant is poisoned.
The worker ant is moderately wounded.
You are starting to lose your buoyancy.
The worker ant barely misses you.
Your ball python bites the worker ant but does no damage.
Your ball python constricts the worker ant.
You bite the worker ant!
You kill the worker ant!
Cheibriados appreciates the change of pace.
You see here a worker ant corpse.
You butcher the worker ant corpse.
You see here 3 chunks of flesh.
Eat one of 3 chunks of flesh? (ye/n/q)
You eat one of the 3 chunks of flesh.
This raw flesh tastes terrible.
You float gracefully downwards.
You see here a wand of iceblast (4).
p - a wand of iceblast (4)
Your transformation is almost over.
You swap places.
There is a stone staircase leading down here.
Your ball python withers and dies!
Your transformation has ended.
The cursed +3 falchion of Foolhardiness {flame, *Slow rPois Int+4 Stlth+} unmelds from your body.
Your +0 cloak unmelds from your body.
Your +0 helmet unmelds from your body.
Your +0 robe unmelds from your body.
The cursed +3 falchion of Foolhardiness {flame, *Slow rPois Int+4 Stlth+} bursts into flame!
Found a morningstar and a ration.
Found a buckler.
Found a potion of might.
Found 3 gold pieces and a hand axe.
You see here 3 gold pieces.
You now have 120 gold pieces (gained 3).
You see here a potion of might.
q - a potion of might You see here a morningstar.
t - a morningstar You see here a buckler.
v - a buckler You see here a ration.
You eat the ration.
That ration really hit the spot!
There is a stone staircase leading down here.
Wear which item? (? for menu, Esc to quit)
You start putting on your armour.
You continue putting on your buckler. x4
You finish putting on your +0 buckler.
Adjust (i)tems, (s)pells, or (a)bilities?
Adjust which item? (? for menu, Esc to quit)
v - a +0 buckler (worn)
Adjust to which letter? (? for menu, Esc to quit)
D - a +0 buckler (worn)
Okay, then.
You climb downwards.
Found a glowing golden potion and 13 gold pieces.
There is a stone staircase leading up here.
Unknown command.
You see here a glowing golden potion.
v - a glowing golden potion An adder comes into view.
Found a scroll labeled MUOFULEAFO.
Menkaure, Prince of Dust comes into view.
Casting: Sticks to Snakes (safe; 3% risk of failure)
Confirm with . or Enter, or press ? or * to list all spells.
You miscast Spider Form.
You are very lightly contaminated with residual magic.
Multicoloured lights dance before your eyes!
You block the adder's attack. The adder closely misses you.
You slash the adder! You burn the adder.
You kill the adder!
Cheibriados thoroughly appreciates the change of pace.
Menkaure draws the symbol "Udjat" in the dust.
Menkaure calls on the powers of darkness!
Your body is wracked with pain!
Casting: Spider Form (safe; 12% risk of failure)
Confirm with . or Enter, or press ? or * to list all spells.
You turn into a venomous arachnid creature.
The cursed +3 falchion of Foolhardiness {flame, *Slow rPois Int+4 Stlth+} melds into your body.
Your +0 cloak melds into your body.
Your +0 helmet melds into your body.
Your +0 buckler melds into your body.
Your +0 robe melds into your body.
The cursed +3 falchion of Foolhardiness {flame, *Slow rPois Int+4 Stlth+} stops flaming.
You hit Menkaure but do no damage.
Menkaure points at you and mumbles some strange words.
Pain shoots through your body!
* * * LOW HITPOINT WARNING * * *
You hit Menkaure.
Menkaure is moderately damaged.
Menkaure points at you and mumbles some strange words.
Pain shoots through your body!
* * * LOW HITPOINT WARNING * * *
You bite Menkaure!
Menkaure is severely damaged.
You hit Menkaure.
Menkaure is almost destroyed.
Menkaure completely misses you.
You hit Menkaure.
Menkaure is almost destroyed.
Menkaure hits you!
You die...

### #.. #.# #.#
#.# #
#####.##.#
#..Ms....# #
#.###.##.##.#
#.# #.#...#.#
#.# #....$...
#?# #.#...###
#.# #.##.##
#.###.##.#
#........######
#####.#.<.....#


You could see Menkaure.

Vanquished Creatures
  Grinder (D:3)
  A howler monkey (D:4)
  A hound (D:4)
  2 worker ants (D:4)
  Robin (D:4)
  3 adders
  A river rat (D:4)
  A worm (D:4)
  A dart slug (D:2)
  2 leopard geckos (D:3)
  3 orcs
  3 ball pythons
  3 giant cockroaches (D:4)
  10 goblins (D:4)
  2 hobgoblins (D:4)
  4 jackals (D:1)
  A kobold (D:3)
  2 bats
  A frilled lizard (Sewer)
  A leopard gecko skeleton (D:4)
  5 rats
49 creatures vanquished.

Vanquished Creatures (collateral kills)
  Purgy (Sewer)
  An iguana (D:4)
  A worm (D:3)
  A ball python (Sewer)
4 creatures vanquished.

Grand Total: 53 creatures vanquished

Notes
Turn   | Place    | Note
-------+----------+-------------------------------------------
     0 | D:1      | tidbits the Gnoll Transmuter began the quest for the Orb.
     0 | D:1      | Reached XP level 1. HP: 17/17 MP: 6/6
    88 | D:2      | Reached XP level 2. HP: 23/23 MP: 5/7
    92 | D:2      | Learned a level 2 spell: Sticks to Snakes
   270 | D:3      | Reached XP level 3. HP: 20/28 MP: 6/9
   275 | D:3      | Learned a level 3 spell: Spider Form
   287 | D:3      | Reached skill level 5 in Spellcasting
   374 | D:3      | Reached skill level 1 in Invocations
   447 | D:4      | Noticed Robin
   458 | D:4      | Killed Robin
   458 | D:4      | Reached skill level 1 in Short Blades
   458 | D:4      | Reached skill level 1 in Long Blades
   458 | D:4      | Reached skill level 1 in Axes
   458 | D:4      | Reached skill level 1 in Maces & Flails
   458 | D:4      | Reached skill level 1 in Polearms
   458 | D:4      | Reached skill level 1 in Staves
   458 | D:4      | Reached skill level 1 in Slings
   458 | D:4      | Reached skill level 1 in Bows
   458 | D:4      | Reached skill level 1 in Crossbows
   458 | D:4      | Reached skill level 1 in Throwing
   458 | D:4      | Reached skill level 1 in Armour
   458 | D:4      | Reached skill level 1 in Stealth
   458 | D:4      | Reached skill level 1 in Shields
   458 | D:4      | Reached skill level 1 in Evocations
   461 | D:4      | Reached XP level 4. HP: 23/34 MP: 3/11
   497 | D:4      | Reached skill level 1 in Conjurations
   497 | D:4      | Reached skill level 1 in Hexes
   497 | D:4      | Reached skill level 1 in Charms
   497 | D:4      | Reached skill level 1 in Summonings
   497 | D:4      | Reached skill level 1 in Necromancy
   497 | D:4      | Reached skill level 1 in Translocations
   497 | D:4      | Reached skill level 1 in Fire Magic
   497 | D:4      | Reached skill level 1 in Ice Magic
   497 | D:4      | Reached skill level 1 in Air Magic
   497 | D:4      | Reached skill level 1 in Earth Magic
   497 | D:4      | Reached skill level 1 in Poison Magic
   508 | D:4      | Reached XP level 5. HP: 21/40 MP: 1/12
   568 | D:3      | Noticed Grinder
   579 | D:3      | Killed Grinder
   579 | D:3      | Reached skill level 3 in Fighting
   579 | D:3      | Reached skill level 2 in Short Blades
   579 | D:3      | Reached skill level 2 in Long Blades
   579 | D:3      | Reached skill level 2 in Axes
   579 | D:3      | Reached skill level 2 in Maces & Flails
   579 | D:3      | Reached skill level 2 in Polearms
   579 | D:3      | Reached skill level 2 in Staves
   579 | D:3      | Reached skill level 2 in Slings
   579 | D:3      | Reached skill level 2 in Bows
   579 | D:3      | Reached skill level 2 in Crossbows
   579 | D:3      | Reached skill level 2 in Throwing
   579 | D:3      | Reached skill level 2 in Armour
   579 | D:3      | Reached skill level 5 in Dodging
   579 | D:3      | Reached skill level 2 in Stealth
   579 | D:3      | Reached skill level 2 in Shields
   579 | D:3      | Reached skill level 4 in Transmutations
   579 | D:3      | Reached skill level 2 in Invocations
   579 | D:3      | Reached skill level 2 in Evocations
   579 | D:3      | Reached XP level 6. HP: 33/47 MP: 1/14
   607 | D:5      | Entered Level 5 of the Dungeon
   646 | D:4      | Got a translucent falchion
   692 | D:4      | Found a glowing drain.
   700 | D:4      | Identified the cursed +3 falchion of Foolhardiness {flame, *Slow rPois Int+4 Stlth+} (You found it on level 4 of the Dungeon)
   702 | Sewer    | Entered a sewer
   720 | Sewer    | Noticed Purgy
   731 | Sewer    | Killed Purgy
   731 | Sewer    | Reached XP level 7. HP: 26/52 MP: 6/15
   787 | D:4      | Found a staircase to the Ecumenical Temple.
   793 | Temple   | Entered the Ecumenical Temple
   834 | Temple   | Became a worshipper of Cheibriados the Contemplative
   976 | D:5      | Noticed Menkaure
   994 | D:5      | Slain by Menkaure

Vault maps used:
D:1:      lightli_arrival_boilingwater
D:2:      first_ration, minmay_misc_feat_hallway
D:3:      grunt_decor_cap, uniq_grinder, uniq_jessica
D:4:      minmay_temple_entry_hall, portal_sewer_entry_b, uniq_robin
D:5:      basic_altar, uniq_eustachio, uniq_duvessa, uniq_ijyb, uniq_menkaure
Temple:   kilobyte_greek_temple
Sewer:    sewer_co_purgy_island

Skill      XL: |  1  2  3  4  5 |
---------------+----------------+-----
Spellcasting   | 5 |  5.5
Invocations    | 1 2 |  2.5
Short Blades   | 1 2 |  2.2
Long Blades    | 1 2 |  2.2
Axes           | 1 2 |  2.2
Maces & Flails | 1 2 |  2.2
Polearms       | 1 2 |  2.2
Staves         | 1 2 |  2.2
Slings         | 1 2 |  2.2
Bows           | 1 2 |  2.2
Crossbows      | 1 2 |  2.2
Throwing       | 1 2 |  2.2
Armour         | 1 2 |  2.2
Stealth        | 1 2 |  2.2
Shields        | 1 2 |  2.2
Evocations     | 1 2 |  2.2
Conjurations   | 1 |  1.8
Hexes          | 1 |  1.8
Charms         | 1 |  1.8
Summonings     | 1 |  1.8
Necromancy     | 1 |  1.8
Translocations | 1 |  1.8
Fire Magic     | 1 |  1.8
Ice Magic      | 1 |  1.8
Air Magic      | 1 |  1.8
Earth Magic    | 1 |  1.8
Poison Magic   | 1 |  1.8
Fighting       | 3 |  3.4
Dodging        | 5 |  5.1
Transmutations | 4 |  4.2
Unarmed Combat | |  6.9

Action                   |  1- 3 |  4- 6 |  7- 9 || total
-------------------------+-------+-------+-------++-------
Melee: Unarmed           |    50 |    82 |     9 ||   141
       Headbutt          |     5 |     3 |       ||     8
       Bite              |     2 |     2 |       ||     4
       Kick              |       |     6 |       ||     6
       Punch             |       |     2 |       ||     2
       Falchion          |       |     3 |     2 ||     5
Throw: Javelin           |     3 |       |       ||     3
       Tomahawk          |       |     1 |       ||     1
 Cast: Beastly Appendage |     6 |     5 |     1 ||    12
       Sticks to Snakes  |     4 |     5 |     1 ||    10
       Spider Form       |     5 |     4 |     2 ||    11
 Abil: End Transformatio |     1 |       |       ||     1
  Use: Scroll            |     1 |     5 |     1 ||     7
       Potion            |       |     5 |     1 ||     6
 Stab: Distracted        |     1 |     1 |       ||     2
       Sleeping          |     1 |       |       ||     1
  Eat: Ration            |       |       |     1 ||     1
       Chunk             |       |       |     1 ||     1
Armor: Robe              |     2 |     4 |       ||     6
Dodge: Dodged            |    37 |    59 |     5 ||   101
Block: Buckler           |       |       |     1 ||     1
       Rpst.: Falchion   |       |     1 |     1 ||     2

Table legend:
 A = Spawn XP
 B = Non-spawn XP
 C = Spawn XP percentage of total XP
 D = Spawn monster count
 E = Non-spawn monster count
 F = Spawn count percentage of total count
 G = Total turns spent on level
                    A         B        C        D         E        F      G
               +---------+---------+-------+---------+---------+-------+---------
         Total |       0 |     720 |   0.0 |       0 |      53 |   0.0 |   994
               +---------+---------+-------+---------+---------+-------+---------
           D:1 |       0 |       8 |   0.0 |       0 |       4 |   0.0 |    51
           D:2 |       0 |       8 |   0.0 |       0 |       4 |   0.0 |    90
           D:3 |       0 |     293 |   0.0 |       0 |      11 |   0.0 |   313
           D:4 |       0 |     261 |   0.0 |       0 |      28 |   0.0 |   351
           D:5 |       0 |      13 |   0.0 |       0 |       1 |   0.0 |    30
         Sewer |       0 |     137 |   0.0 |       0 |       5 |   0.0 |    72
               +---------+---------+-------+---------+---------+-------+---------

Table legend:
 A = Turns spent in this place as a percentage of turns spent in the entire game.
 B = Non-inter-level travel turns spent in this place as a percentage of non-inter-level travel turns spent in the entire game.
 C = Inter-level travel turns spent in this place as a percentage of turns spent in this place.
 D = Turns resting spent in this place as a percentage of non-inter-level travel turns spent in this place.
 E = Turns spent auto-exploring this place as a percentage of non-inter-level travel turns spent in this place.
 F = Non-inter-level travel turns spent in this place divided by the number of levels of this place that you've seen.
                   A       B       C       D       E      F
               +-------+-------+-------+-------+-------+----------------------
         Total | 100.0 | 100.0 |   3.8 |   0.0 |   0.0 | 136.6
       Dungeon |  84.0 |  87.3 |   0.0 |   0.0 |   0.0 | 167.0
        Temple |   8.8 |   5.1 |  43.7 |   0.0 |   0.0 |  49.0
         Sewer |   7.2 |   7.5 |   0.0 |   0.0 |   0.0 |  72.0
               +-------+-------+-------+-------+-------+----------------------

Table legend:
 A = Kills in this place as a percentage of kills in entire the game.
 B = Kills by you in this place as a percentage of kills by you in the entire game.
 C = Kills by friends in this place as a percentage of kills by friends in the entire game.
 D = Other kills in this place as a percentage of other kills in the entire game.
 E = Experience gained in this place as a percentage of experience gained in the entire game.
 F = Experience gained in this place divided by the number of levels of this place that you have seen.
                   A       B       C       D       E      F
               +-------+-------+-------+-------+-------+----------------------
         Total | 100.0 | 100.0 | 100.0 |   N/A | 100.0 | 102.9
       Dungeon |  90.6 |  93.9 |  50.0 |   N/A |  81.0 | 116.6
         Sewer |   9.4 |   6.1 |  50.0 |   N/A |  19.0 | 137.0
               +-------+-------+-------+-------+-------+----------------------

Vault maps used:
D:1:      lightli_arrival_boilingwater
D:2:      first_ration, minmay_misc_feat_hallway
D:3:      grunt_decor_cap, uniq_grinder, uniq_jessica
D:4:      minmay_temple_entry_hall, portal_sewer_entry_b, uniq_robin
D:5:      basic_altar, uniq_eustachio, uniq_duvessa, uniq_ijyb, uniq_menkaure
Temple:   kilobyte_greek_temple
Sewer:    sewer_co_purgy_island
